Map: Zen LE

Players

jalo - Winner!

  • Race: Terran Terran
  • League: Gold
  • Spawn Location: 7:00

antagomiR

  • Race: Protoss Protoss
  • League: Gold
  • Spawn Location: 1:00

VOD

Have the link to the VOD?

Description

Time

  • Played on: April 19, 2020, 3:08 p.m.
  • Length: 6:59
Show
View Real Time Build Order
Export as new Build Order

jalo Terran - Winner!

Build Orders:  

Get SALT Encoding   

  12  0:01  SCV  
  13  0:14  SCV  
  14  0:17  Supply Depot  
  14  0:30  SCV  
  15  0:43  SCV  
  16  0:53  Barracks  
  16  0:55  Barracks  
  16  1:01  SCV  
  17  1:12  Barracks  
  17  1:18  Refinery  
  17  1:22  SCV  
  18  1:35  Supply Depot  
  18  1:44  Marine  
  19  1:58  Marine  
  20  2:02  Marine  
  20  2:03  Marine  
  20  2:08  Orbital Command  
  22  2:18  Marine  
  22  2:19  Refinery  
  23  2:28  Marine  
  24  2:31  Barracks Tech Lab  
  24  2:39  Barracks  
  24  2:48  Marine x2  
  24  2:50  SCV  
  27  2:57  Supply Depot  
  27  3:00  Marine  
  27  3:05  Stimpack  
  28  3:08  Marine  
  29  3:16  Marine  
  30  3:27  Marauder  
  30  3:28  Marine  
  30  3:29  Barracks Tech Lab  
  33  3:38  Marine  
  34  3:57  Marine, Marauder x2  
  39  4:03  Concussive Shells  
  39  4:10  Marine  
  39  4:11  Supply Depot  
  39  4:12  SCV  
  39  4:15  Marine  
  42  4:18  Marine  
  43  4:30  Marauder  
  45  4:32  Marine  
  45  4:38  Marine x2  
  48  4:48  Supply Depot  
  48  4:51  Marine  
  49  5:02  Marauder  
  44  5:24  Marine, Marauder x2  
  47  5:46  Marauder x2  
  49  6:07  Marauder  
  49  6:08  Marine x2  
  49  6:09  Marine  
  49  6:26  Marine x2  
Show
View Real Time Build Order
Export as new Build Order

antagomiR Protoss 

Build Orders:  

Get SALT Encoding   

  12  0:01  Probe  
  13  0:13  Probe  
  14  0:18  Pylon  
  14  0:26  Probe  
  15  0:37  Gateway  
  15  0:39  Probe (Chrono Boost)  
  16  0:49  Probe (Chrono Boost)  
  17  0:51  Assimilator  
  17  0:56  Probe  
  17  1:03  Assimilator  
  18  1:08  Probe  
  19  1:20  Probe  
  20  1:30  Cybernetics Core  
  20  1:40  Probe, Pylon  
  21  1:52  Probe  
  22  2:04  Probe  
  22  2:06  Warp Gate (Chrono Boost)  
  23  2:08  Robotics Facility  
  23  2:16  Probe  
  24  2:26  Adept (Chrono Boost)  
  24  2:28  Probe  
  27  2:40  Nexus  
  27  2:41  Probe  
  28  2:47  Pylon  
  28  2:53  Adept  
  28  2:56  Observer  
  31  3:05  Probe  
  32  3:16  Gateway  
  32  3:17  Probe, Observer  
  34  3:23  Stalker  
  36  3:29  Probe  
  37  3:45  Probe  
  38  3:51  Probe  
  39  3:57  Probe  
  40  4:03  Probe  
  40  4:07  Immortal  
  40  4:08  Stalker  
  40  4:09  Probe, Gateway  
  48  4:18  Shield Battery  
  48  4:21  Probe x2  
  50  4:30  Sentry  
  52  4:33  Probe  
  53  4:49  Probe  
  54  4:55  Pylon  
  54  4:58  Pylon  
  54  5:00  Pylon  
  54  5:13  Probe  
  54  5:14  Probe  
  56  5:18  Robotics Bay  
  56  5:19  Zealot x3  
  50  5:26  Probe x2  
  44  5:30  Immortal  
  44  5:35  Shield Battery  
  45  5:37  Shield Battery  
  45  5:38  Probe  
  45  5:44  Stalker  
  45  5:45  Stalker x2  
  34  6:15  Stalker x2  
  15  6:39  Stalker x2  
Tags
 
League
GoldGold
Matchup
PvT
Replay Pack
20200422
Spawn Locations
Cross Positions
Add a new tag
Caveats
  • Supply blocks, unpowered buildings, or Contaminate may cause inaccurate times.
  • Supply counts are checked every 10 seconds.